 Dungeon Crawl Stone Soup version 0.30-a0-696-g2367cd04db (webtiles) character file.

Game seed: 4291856159694683754

975659 holysushi the Imperceptible (level 27, 0/161 HPs)
             Began as a Vine Stalker Monk on Jan 21, 2023.
             Was the Champion of Okawaru.
             Killed from afar by an elemental wellspring (10 damage)
             ... with a torrent of water
             ... on level 7 of Cocytus.
             The game lasted 02:56:12 (68528 turns).

holysushi the Imperceptible (Vine Stalker Monk)    Turns: 68528, Time: 02:56:13

Health: 0/161      AC: 16    Str: 12      XL:     27
Magic:  0/50       EV: 50    Int:  7 (8)  God:    Okawaru [******]
Gold:   8145       SH: 40    Dex: 43      Spells: 55/71 levels left

rFire   . . .      SeeInvis .    t - +3 rapier (speed)
rCold   + + +      Faith    .    F - +8 tower shield {AC+3}
rNeg    + . .      Spirit   +    O - +4 robe of the Orange Skies {Str-4 Slay+6}
rPois   .          Reflect  .    j - +1 helmet of the Ward {Int+2 Dex+6}
rElec   +          Harm     .    M - +0 cloak of the Elven Halls {rN+ Will+}
rCorr   .          Rampage  .    R - +0 pair of gloves of Vibruatz {rC+ Int-4 Dex+3}
Will    +++++                    a - +2 pair of boots of the Valley of Death {rElec Regen+ Dex+3}
Stlth   +++++++++                v - amulet of Lisup {Regen+ Dex+2}
HPRegen 2.86/turn                p - ring "Mokhy" {rC++ EV+5}
MPRegen 0.32/turn                q - ring of Shadows {Umbra +Inv Stlth+}

@: engulfed (cannot breathe), wreathed by umbra, studying 5 skills, unable to
drink, very slow
A: fangs 3, regeneration 1, magic shield, antimagic bite, no potion heal 2,
strong-willed 1, mutation resistance 1, sturdy frame 1
}: 11/15 runes: serpentine, barnacled, slimy, silver, obsidian, abyssal,
demonic, glowing, magical, fiery, dark
a: Renounce Religion, Evoke Invisibility, Heroism, Finesse, Duel


You were on level 7 of Cocytus.
You worshipped Okawaru.
Okawaru was exalted by your worship.
You visited 13 branches of the dungeon, and saw 65 of its levels.
You visited Pandemonium 4 times, and saw 23 of its levels.
You visited the Abyss 3 times.
You visited 1 bazaar.
You also visited: Trove and Sewer.

You collected 11224 gold pieces.
You spent 3079 gold pieces at shops.

Inventory:

Hand Weapons
 t - a +3 rapier of speed (weapon)
 V - a +2 quick blade of chaos
Missiles
 e - 15 throwing nets (quivered)
Armour
 a - the +2 pair of boots of the Valley of Death (worn) {rElec Regen+ Dex+3}
   (Okawaru gifted it to you on level 13 of the Dungeon)

   Dex:       It affects your dexterity (+3).
   rElec:     It insulates you from electricity.
   Regen:     It increases your rate of health regeneration.
 j - the +1 helmet of the Ward (worn) {Int+2 Dex+6}
   (Okawaru gifted it to you on level 8 of the Dungeon)

   Int:       It affects your intelligence (+2).
   Dex:       It affects your dexterity (+6).
 l - the +1 hat of the Known World {rCorr Slay+6}
   (You acquired it on level 5 of the Dungeon)

   Slay:      It affects your accuracy & damage with ranged weapons and melee
   (+6).
   rCorr:     It protects you from acid and corrosion.
 n - the +2 pair of gloves of the Everdark {Slay+6}
   (You found it in a treasure trove)

   Slay:      It affects your accuracy & damage with ranged weapons and melee
   (+6).
 w - a scarf of resistance
 F - a +8 tower shield of protection (worn)
 M - the +0 cloak of the Elven Halls (worn) {rN+ Will+}
   (Okawaru gifted it to you on level 3 of the Snake Pit)

   rN:        It protects you from negative energy.
   Will:      It increases your willpower.
 O - the +4 robe of the Orange Skies (worn) {Str-4 Slay+6}
   (Okawaru gifted it to you on level 1 of the Snake Pit)

   Str:       It affects your strength (-4).
   Slay:      It affects your accuracy & damage with ranged weapons and melee
   (+6).
 R - the +0 pair of gloves of Vibruatz (worn) {rC+ Int-4 Dex+3}
   (Okawaru gifted it to you on level 1 of the Lair of Beasts)

   Int:       It affects your intelligence (-4).
   Dex:       It affects your dexterity (+3).
   rC:        It protects you from cold.
Jewellery
 p - the ring "Mokhy" (left hand) {rC++ EV+5}
   (You found it on level 7 of Gehenna)

   [ring of evasion]

   EV:        It affects your evasion (+5).
   rC:        It greatly protects you from cold.
 q - the ring of Shadows (right hand) {Umbra +Inv Stlth+}
   (You found it on level 5 of the Vaults)

   [ring of stealth]

   Umbra:     It surrounds you with an aura of shadow, increasing your stealth
   and reducing the accuracy of all others within it.
   +Inv:      It lets you turn invisible.
   Stlth:     It makes you more stealthy.
 r - a ring of see invisible
 v - the amulet of Lisup (around neck) {Regen+ Dex+2}
   (You found it in Pandemonium)

   [amulet of regeneration]

   Dex:       It affects your dexterity (+2).
   Regen:     It increases your rate of health regeneration.
 E - the ring "Ytizej" {+Blink rF+ rCorr EV+5}
   (You took it off a deep elf archer on level 3 of the Elven Halls)

   [ring of evasion]

   EV:        It affects your evasion (+5).
   rF:        It protects you from fire.
   +Blink:    It lets you blink.
   rCorr:     It protects you from acid and corrosion.
 K - the ring of the Shrike {rN+ Will+ Int+6 Dex+2 Stlth+}
   (You found it on level 3 of the Crypt)

   [ring of intelligence]

   Int:       It affects your intelligence (+6).
   Dex:       It affects your dexterity (+2).
   rN:        It protects you from negative energy.
   Will:      It increases your willpower.
   Stlth:     It makes you more stealthy.
 X - the ring "Ziul" {rElec rF+ rC+ Str+2}
   (You found it in Pandemonium)

   [ring of protection from cold]

   Str:       It affects your strength (+2).
   rF:        It protects you from fire.
   rC:        It protects you from cold.
   rElec:     It insulates you from electricity.
Wands
 d - a wand of digging (16)
 g - a wand of polymorph (19)
 s - a wand of roots (15)
 B - a wand of flame (90)
 C - a wand of paralysis (49)
 N - a wand of light (24)
Scrolls
 o - 11 scrolls of vulnerability
 u - 24 scrolls of teleportation
 y - 8 scrolls of magic mapping
 A - 3 scrolls of blinking
 S - 9 scrolls of fog
 U - 4 scrolls of silence
 Y - 9 scrolls of fear
 Z - 9 scrolls of immolation
Potions
 c - 4 potions of ambrosia
 f - 5 potions of resistance
 h - 34 potions of curing
 k - 12 potions of lignification
 m - 4 potions of might
 x - 8 potions of haste
 z - 16 potions of brilliance
 G - 6 potions of invisibility
 H - 5 potions of magic
 J - 2 potions of flight
 P - a potion of mutation
 Q - a potion of berserk rage
 W - 8 potions of attraction
Miscellaneous
 b - a phantom mirror
 i - a condenser vane (inert)
 D - a lightning rod (4/4)


   Skills:
 - Level 22.0 Fighting
 - Level 14.0 Short Blades
 - Level 20.0 Dodging
 - Level 26.0 Stealth
 - Level 25.0 Shields
 + Level 22.5 Spellcasting
 - Level 8.3 Translocations
 - Level 10.0 Transmutations
 - Level 10.0 Earth Magic
 - Level 13.0 Invocations
 - Level 10.6 Evocations


You had 55 spell levels left.
You knew the following spells:

 Your Spells              Type           Power      Damage    Failure   Level
a - Blink                 Tloc           38%        N/A       1%          2
b - Airstrike             Air            3%         2d(1-17)  50%         4
c - Manifold Assault      Tloc           19%        N/A       1%          4
d - Statue Form           Tmut/Erth      14%        N/A       14%         6

Your spell library contained the following spells:

 Spells                   Type           Power      Damage    Failure   Level
 Sandblast                Erth           42%        2d11      1%          1
 Sting                    Tmut/Pois      56%        1d5       1%          1
 Lesser Beckoning         Tloc           38%        N/A       1%          2
 Momentum Strike          Conj/Tloc      26%        3d8       1%          2
 Passwall                 Tmut/Erth      17%        N/A       1%          2
 Wereblood                Tmut           21%        N/A       1%          2
 Gell's Gravitas          Tloc           19%        N/A       1%          3
 Teleport Other           Tloc           19%        N/A       1%          3
 Passage of Golubria      Tloc           19%        N/A       1%          4
 Petrify                  Tmut/Erth      21%        N/A       1%          4
 Spider Form              Tmut/Pois      14%        N/A       2%          3
 Stone Arrow              Conj/Erth      28%        3d8       2%          3
 Lee's Rapid Deconstruct  Erth           10%        3d8*      2%          5
 Portal Projectile        Hex/Tloc       26%        N/A       3%          3
 Ignite Poison            Fire/Tmut/Pois 12%        N/A       4%          3
 Kindle Blastsparks       Fire/Tloc/Air  22%        2d11      5%          3
 Foxfire                  Conj/Fire      28%        2x1d5     6%          1
 Kiss of Death            Conj/Necr      28%        2d7       6%          1
 Magic Dart               Conj           28%        1d4       6%          1
 Necrotise                Necr           28%        1d5       6%          1
 Shock                    Conj/Air       28%        1d4       6%          1
 Slow                     Hex            28%        N/A       6%          1
 Ice Form                 Ice/Tmut       14%        N/A       8%          4
 Leda's Liquefaction      Hex/Erth       7%         N/A       8%          4
 Cigotuvi's Dreadful Rot  Necr/Pois/Air  14%        N/A       9%          2
 Ensorcelled Hibernation  Hex/Ice        14%        N/A       9%          2
 Poisonous Vapours        Pois/Air       14%        N/A       9%          2
 Searing Ray              Conj           14%        2d5       9%          2
 Static Discharge         Conj/Air       14%        2-3/arc   9%          2
 Sublimation of Blood     Necr           7%         N/A       9%          2
 Iskenderun's Mystic Bla  Conj/Tloc      13%        2d5       11%         4
 Confusing Touch          Hex            7%         N/A       17%         3
 Frozen Ramparts          Ice            14%        1d3       17%         3
 Hailstorm                Conj/Ice       7%         3d4       17%         3
 Inner Flame              Hex/Fire       7%         N/A       17%         3
 Mephitic Cloud           Conj/Pois/Air  7%         N/A       17%         3
 Ozocubu's Armour         Ice            7%         N/A       17%         3
 Swiftness                Air            7%         N/A       17%         3
 Vampiric Draining        Necr           7%         2d6       17%         3
 Alistair's Intoxication  Tmut/Pois      9%         N/A       21%         5
 Borgnjor's Vile Clutch   Necr/Erth      7%         N/A       21%         5
 Irradiate                Conj/Tmut      7%         3d14      21%         5
 Yara's Violent Unravell  Hex/Tmut       7%         3d5       21%         5
 Dispersal                Tloc           9%         N/A       28%         6
 Anguish                  Hex/Necr       3%         N/A       50%         4
 Cause Fear               Hex            3%         N/A       50%         4
 Dispel Undead            Necr           7%         3d8       50%         4
 Flame Wave               Conj/Fire      7%         2d5       50%         4
 Fulminant Prism          Conj/Hex       3%         3d5       50%         4
 Olgreb's Toxic Radiance  Pois           7%         N/A       50%         4
 Sticky Flame             Conj/Fire      7%         2d3       50%         4
 Dragon Form              Tmut           10%        N/A       63%         7
 Eringya's Noxious Bog    Tmut/Pois      7%         N/A       75%         6
 Iron Shot                Conj/Erth      7%         9d2       75%         6
 Agony                    Necr           7%         N/A       85%         5
 Arcjolt                  Conj/Air       3%         1d13      85%         5
 Fireball                 Conj/Fire      3%         3d4       85%         5
 Freezing Cloud           Conj/Ice/Air   3%         6-21      85%         5
 Iskenderun's Battlesphe  Conj           7%         2d6       85%         5
 Lightning Bolt           Conj/Air       3%         1d15      85%         5
 Metabolic Englaciation   Hex/Ice        3%         N/A       85%         5
 Silence                  Hex/Air        3%         N/A       85%         5
 Storm Form               Tmut/Air       7%         N/A       99%         7
 Conjure Ball Lightning   Conj/Air       3%         3x3d6     100%        6
 Starburst                Conj/Fire      3%         6d3       100%        6
 Enfeeble                 Hex            3%         N/A       100%        7
 Ozocubu's Refrigeration  Ice            3%         4d8       100%        7
 Discord                  Hex            3%         N/A       100%        8
 Disjunction              Tloc           9%         N/A       100%        8
 Ignition                 Fire           3%         3d4       100%        8
 Lehudib's Crystal Spear  Conj/Erth      7%         10d3      100%        8
 Maxwell's Capacitive Co  Air            3%         ∞         100%        8
 Shatter                  Erth           10%        3d12*     100%        9
 Call Imp                 Summ           Unusable   N/A       N/A         2
 Call Canine Familiar     Summ           Unusable   N/A       N/A         3
 Tukima's Dance           Hex            Unusable   N/A       N/A         3
 Animate Dead             Necr           Unusable   N/A       N/A         4
 Summon Ice Beast         Ice/Summ       Unusable   N/A       N/A         4
 Summon Lightning Spire   Summ/Air       Unusable   N/A       N/A         4
 Death Channel            Necr           Unusable   N/A       N/A         6
 Simulacrum               Ice/Necr       Unusable   N/A       N/A         6
 Malign Gateway           Summ/Tloc      Unusable   N/A       N/A         7
 Spellforged Servitor     Conj/Summ      Unusable   N/A       N/A         7
 Summon Hydra             Summ           Unusable   N/A       N/A         7
 Summon Horrible Things   Summ           Unusable   N/A       N/A         8
 Dragon's Call            Summ           Unusable   N/A       N/A         9

Dungeon Overview and Level Annotations

Branches:
Dungeon (15/15) Zot: 24277  Temple (0/1) D:6            Lair (5/5) D:10 Zot: 24460
 Shoals (4/4) Lair:2 Zot: 20468   Snake (4/4) Lair:2 Zot: 19174   Slime (5/5) Lair:5 Zot: 26643
    Orc (2/2) D:11 Zot: 10328     Elf (3/3) Orc:2 Zot: 15112  Vaults (5/5) D:13 Zot: 24376
  Crypt (3/3) Vaults:3 Zot: 15478    Tomb (0/3) Crypt:3      Depths (4/4) D:15 Zot: 18692
   Hell (visited)             Dis (0/7) Hell            Geh (7/7) Hell Zot: 26841
    Coc (7/7) Hell Zot: 26841     Zot (0/5) Depths:4      Sewer (visited)
    Tar: Hell:1

Altars:
Ashenzari
Cheibriados
Dithmenos
Elyvilon
Fedhas
Hepliaklqana
Kikubaaqudgha
Makhleb
Okawaru
Ru
Sif Muna
Trog
Uskayaw
Vehumet
Xom
The Shining One

Shops:
D:4 (   D:6 [   D:9 *   Orc:1 [   Orc:2 =[(?   Shoals:3 *   Snake:1 ==:
Snake:3 *   Vaults:1 [   Depths:4 *?[[

Portals:
Hell: Depths:1 Depths:2 Depths:3 Depths:4
Abyss: Depths:3 Depths:4
Pandemonium: Depths:2 Depths:3 Depths:4
Ziggurat: Depths:4

Annotations:
D:2 1 runed translucent door, Crazy Yiuf
D:9 exclusion: orange crystal statue
D:12 2 runed translucent doors
Snake:3 3 runed translucent doors, flotson's ghost, adept DsDe


Innate Abilities, Weirdness & Mutations

You have razor-sharp teeth.
Your natural rate of healing is unusually fast.
When hurt, damage is shared between your health and your magic reserves.
Your bite disrupts and absorbs the magic of your enemies.
Potions cannot restore your health.
You are strong-willed. (Will+)
You are somewhat resistant to further mutation.
Your movements are slightly less encumbered by armour. (ER -2)


Message History

The water elemental hits you.
The nargun splashes around in the water.
The nargun bites you!
* * * LOW HITPOINT WARNING * * *
The nargun freezes you. You resist.
* * * LOW HITPOINT WARNING * * *
The elemental wellspring falters for a moment.
A torrent of water rises up through the elemental wellspring!
The torrent of water passes through the water elemental. x2
The torrent of water hits you!!
* * * LOW HITPOINT WARNING * * *
The wave splashes down.
The water elemental hits you.
* * * LOW HITPOINT WARNING * * *
You hear a roar!
You hear a screech!
The water elemental hits you!
* * * LOW HITPOINT WARNING * * *
You resist with some effort. The water elemental hits you.
You turn to flesh and can move again.
Unknown command.
Your unstable footing causes you to fumble your attack.
Your lungs strain for air!
You block the water elemental's attack.
You closely miss the elemental wellspring.
The elemental wellspring is severely damaged.
* * * LOW HITPOINT WARNING * * *
Your lungs strain for air!
The nargun splashes around in the water.
You block the nargun's attack.
Your unstable footing causes you to fumble your attack.
Your lungs strain for air!
You feel your willpower return.
A torrent of water rises up through the elemental wellspring!
The torrent of water passes through the water elemental.
The torrent of water misses you.
The wave splashes down.
A torrent of water rises up through the elemental wellspring!
The torrent of water passes through the water elemental. x2
You block the torrent of water.
The wave splashes down.
A torrent of water rises up through the elemental wellspring!
The torrent of water hits you!
You die...

*~~~≈≈≈≈≈≈≈.#..,.,.,,,*,~~~~
**~~~≈≈≈≈≈≈≈.#...#..,,,*,~~~~
*~~~~≈≈≈≈≈≈≈.#....,,,,,*,~~~~
*~~~≈≈~≈≈≈≈≈≈.#..,,,,,*,~~~~~
*~~~≈≈≈,,~E≈E≈9#,,,,,*,~~~,,,
**~~≈≈.####~E9#***+****,~,***
*~~≈.#..§E#E#***,,,****,*,,,
**~~.#..§§EE##*,,,,,,,***,,,,
*~~,#...§EE9@#*,,,,*,,**,,,,,
*~~,#...§#EEE#,,,,*,*,**,,*,,
*~~~.#..~EEEE#,,,***,,**,.9#.
*~~,#..#§EEEE#,,*,*,,,**,...Z
*~~,#~§§§§☼§§#*,,*,,,,**,....
*~~~~#§§§☼§§##*,,,,,,**##....
**~~≈.#§§..#~##*******##.#...
**~~≈≈§####.≈.#########Z≈.###
*~~~≈≈≈.~..≈~≈.#.○...#.≈≈≈...


You could see 4 elemental wellsprings, a nargun and 12 water elementals.

Vanquished Creatures
  Cerebov (Pan)
  Asmodeus (Geh:7)
  the Royal Jelly (Slime:5)
  Gloorx Vloq (Pan)
  A seraph (Pan)
  Mnoleg (Pan)
  9 dread liches
  Mennas (Vaults:2)
  3 ancient liches
  Mara (Depths:3)
  A juggernaut (Depths:4)
  12 shard shrikes
  6 pandemonium lords (Pan)
  Vv (Depths:3)
  Margery (Crypt:2)
  Frederick (Crypt:1)
  Saint Roka (Vaults:2)
  Bai Suzhen (Snake:4)
  Vashnia (Snake:3)
  Xtahua (Crypt:1)
  5 caustic shrikes (Depths:4)
  A golden dragon (Vaults:5)
  Geryon (Hell)
  2 pearl dragons (Pan)
  the Enchantress (Depths:3)
  4 bone dragons
  14 Brimstone Fiends
  A Tzitzimitl (Pan)
  5 tentacled monstrosities
  Zenata (Elf:1)
  Jorgrun (Snake:2)
  16 hellephants
  25 searing wretches
  A tainted leviathan (Hell)
  A walking crystal tome (Depths:3)
  3 Hell Sentinels (Pan)
  4 liches
  16 Ice Fiends
  A walking frostbound tome (Depths:3)
  2 deep elf blademasters (Elf:3)
  A walking divine tome (Depths:3)
  A quicksilver dragon (Depths:4)
  8 titans
  A kraken (Shoals:2)
  3 deep elf master archers (Elf:3)
  27 Executioners
  10 acid blobs
  6 ancient champions
  3 sphinxes
  Frances (Snake:2)
  A shadow dragon (Depths:4)
  Kirke (D:13)
  2 storm dragons
  9 tengu reavers
  The ghost of wormed the Arsonist, an adept DsCj of Vehumet (Shoals:2)
  6 azure jellies
  Donald (Crypt:1)
  17 daevas (Pan)
  4 demonspawn warmongers (Pan)
  A revenant (Crypt:1)
  Roxanne (D:15)
  9 frost giants
  19 fire giants
  6 narguns
  20 nagarajas
  7 deep elf sorcerers (Elf:3)
  5 rockslimes
  Aizul (Elf:3)
  15 vault wardens
  2 iron dragons
  4 orc warlords
  35 balrugs
  A draconian shifter (Depths:4)
  17 cacodemons
  A juggernaut zombie (Crypt:2)
  3 shard shrike simulacra
  22 ironbound preservers
  8 ghouls
  4 war gargoyles
  8 reapers
  2 curse skulls (Pan)
  7 ironbound thunderhulks
  7 deep elf elementalists (Elf:3)
  2 draconian stormcallers (Depths:4)
  19 stone giants
  4 quicksilver oozes
  15 ophanim (Pan)
  27 angels (Pan)
  5 demonspawn corrupters (Pan)
  A caustic shrike skeleton (Crypt:3)
  53 very ugly things
  3 spriggan defenders (Depths:3)
  3 demonspawn blood saints (Pan)
  9 vampire knights
  8 deep elf demonologists
  2 juggernaut skeletons
  A green draconian (Depths:4)
  3 demonspawn black suns (Pan)
  A starflower (Abyss:2)
  31 apis (Pan)
  11 elemental wellsprings
  10 deep elf annihilators
  Azrael (D:12)
  5 putrid mouths (Hell)
  11 lorocyprocas (Pan)
  A red draconian (Depths:4)
  A bunyip (shapeshifter) (D:15)
  2 white draconians (Depths:4)
  11 wendigos
  6 spark wasps (Depths:3)
  2 eidola
  11 dire elephants
  A crystal guardian (Vaults:3)
  Snorg (Orc:2)
  9 deep elf death magi
  8 ettins
  12 blizzard demons
  A fire dragon (shapeshifter) (Vaults:5)
  A mummy priest (Crypt:3)
  12 green deaths (Pan)
  An elf zombie (Crypt:1)
  6 merfolk javelineers
  14 yaktaur captains
  9 merfolk impalers
  11 jiangshi
  8 deep elf high priests
  An entropy weaver (Vaults:1)
  Fannar (D:12)
  Harold (Orc:1)
  8 ice dragons
  36 vault guards
  3 hydras
  7 rakshasas
  6 salamander tyrants
  11 fire dragons
  A fenstrider witch zombie (Crypt:1)
  A quicksilver dragon skeleton (Crypt:3)
  10 great orbs of eyes
  An ice dragon (shapeshifter) (Vaults:5)
  A juggernaut simulacrum (Coc:7)
  4 caustic shrike simulacra
  A spriggan air mage (Depths:3)
  7 ogre magi
  5 ironbound frosthearts
  5 anacondas
  5 hell beasts
  A ghost crab (Abyss:2)
  2 peacekeepers
  Erica (D:11)
  A death knight (Crypt:3)
  11 merfolk aquamancers
  A death scarab (Depths:3)
  3 fenstrider witch skeletons
  A spriggan skeleton (Pan)
  3 merfolk avatars
  6 alligator snapping turtles
  5 deep troll shamans
  2 satyrs
  11 centaur warriors
  7 deep troll earth magi
  A satyr (shapeshifter) (Vaults:5)
  20 two-headed ogres
  19 boulder beetles
  6 stokers
  2 tengu warriors (Depths:2)
  14 naga warriors
  25 hell hogs
  31 naga sharpshooters
  An orc high priest (Orc:2)
  A shock serpent (shapeshifter) (Vaults:5)
  30 dancing weapons
  8 vampire magi
  28 soul eaters
  4 spriggan berserkers
  42 sun demons
  9 shock serpents
  16 hell knights
  A fire crab (shapeshifter) (Vaults:5)
  7 shadow wraiths
  18 deep elf knights
  A wretched star (Abyss:3)
  A titan skeleton (Crypt:3)
  11 sixfirhies (Pan)
  3 salamander mystics
  3 flayed ghosts
  12 glowing orange brains
  A death drake (shapeshifter) (Vaults:4)
  7 iron trolls
  3 quicksilver dragon simulacra
  25 sea snakes
  46 skeletal warriors
  68 deep trolls
  An orange crystal statue (D:12)
  3 bunyip skeletons
  6 naga ritualists
  A deep troll (shapeshifter) (Vaults:5)
  4 bog bodies (Crypt:3)
  A spriggan simulacrum (Coc:3)
  15 cherubim (Pan)
  An orb spider (shapeshifter) (Vaults:4)
  13 phantasmal warriors
  21 deep elf archers
  A lindwurm (shapeshifter) (Vaults:5)
  6 shadow demons
  9 wizards
  A fenstrider witch simulacrum (Hell)
  15 orc knights
  9 necromancers
  14 lindwurms
  14 ironbound convokers
  3 anaconda skeletons
  7 harpies
  12 mana vipers
  A shadow dragon zombie (Crypt:3)
  30 deep elf pyromancers
  22 deep elf zephyrmancers
  4 orc sorcerers
  6 shining eyes
  20 manticores
  3 wolf spiders
  A sphinx skeleton (Crypt:3)
  4 cyclopes
  8 merfolk sirens
  3 fauns
  22 elephants
  64 ugly things
  Maurice (D:8)
  10 vault sentinels
  38 smoke demons
  Joseph (D:9)
  7 guardian serpents
  7 rust devils
  A fire giant skeleton (Crypt:3)
  10 salamanders
  A draconian skeleton (Crypt:3)
  10 naga magi
  5 water nymphs
  A stone giant skeleton (Crypt:3)
  48 black mambas
  2 ice statues (Hell)
  A water nymph (shapeshifter) (Vaults:5)
  4 titan simulacra
  4 molten gargoyles (Hell)
  A naga zombie (Crypt:1)
  14 orange demons (Pan)
  A death yak zombie (Crypt:3)
  19 demonic crawlers
  3 naga skeletons
  An eye of devastation (Slime:5)
  An elf skeleton (Vaults:2)
  2 torpor snails
  5 centaur skeletons
  13 cane toads
  2 gargoyles (D:13)
  A dire elephant skeleton (Pan)
  2 human zombies
  26 hellions
  A torpor snail (shapeshifter) (Vaults:5)
  2 kobold demonologists (D:11)
  15 yaktaurs
  11 freezing wraiths
  A yellow draconian skeleton (Crypt:2)
  4 anaconda simulacra
  A rime drake (shapeshifter) (Elf:2)
  5 efreet
  An unseen horror (D:12)
  5 komodo dragons
  A white draconian skeleton (Crypt:2)
  10 tormentors
  2 human skeletons (Vaults:4)
  10 ice devils
  6 guardian mummies (Crypt:3)
  A bunyip simulacrum (Coc:2)
  4 tengu conjurers (Depths:2)
  A redback zombie (Crypt:2)
  2 black draconian skeletons
  A harpy zombie (Crypt:2)
  An iron giant simulacrum (Coc:3)
  A minotaur skeleton (Crypt:2)
  A sea snake skeleton (Hell)
  41 large abominations
  10 red devils
  2 hydra zombies (Hell)
  A yaktaur skeleton (Vaults:2)
  2 polar bears
  5 trolls
  28 hellwings
  30 merfolk
  8 wind drakes
  15 blink frogs
  3 hornets
  A moth of wrath zombie (Crypt:1)
  12 snapping turtles
  A tarantella (shapeshifter) (D:14)
  3 iron dragon simulacra
  An alligator zombie (Crypt:3)
  A stone giant simulacrum (Coc:6)
  2 ettin zombies (Crypt:1)
  3 centaur simulacra
  11 flying skulls
  An ettin skeleton (Crypt:3)
  A fire dragon skeleton (Crypt:1)
  A jumping spider (shapeshifter) (Depths:2)
  82 slime creatures
  3 alligator skeletons
  2 air elementals
  14 wyverns
  62 yaks
  9 wraiths
  A hog (D:13)
  4 fire bats (Pan)
  15 water elementals
  3 dire elephant simulacra
  15 humans (D:13)
  3 spriggans (Depths:3)
  9 ynoxinuls
  3 sea snake simulacra (Hell)
  4 basilisks
  4 fire elementals
  11 golden eyes
  23 neqoxecs
  3 redbacks
  2 steam dragons (D:8)
  6 vampire mosquitoes
  27 chaos spawn
  15 harpy simulacra
  A two-headed ogre zombie (Crypt:1)
  2 wargs
  A demonspawn zombie (Crypt:1)
  A redback (shapeshifter) (Vaults:5)
  40 nagas
  21 water moccasins
  6 hydra simulacra
  4 floating eyes
  6 hell hounds
  3 ice beasts
  21 orc warriors
  An alligator simulacrum (Hell)
  5 black bears
  Pargi (Sewer)
  An ettin simulacrum (Coc:7)
  A sky beast (D:7)
  5 boggarts
  28 ogres
  47 wolves
  12 centaurs
  A phantom (D:7)
  A blink frog skeleton (Crypt:3)
  8 kobold brigands
  A fire crab zombie (Crypt:1)
  21 bullfrogs
  3 necrophages
  2 scorpions
  A salamander skeleton (Crypt:2)
  4 gnoll sergeants
  An earth elemental (Elf:1)
  21 wights
  24 killer bees
  2 vampire bats (D:7)
  5 howler monkeys
  8 electric eels
  A crimson imp (D:5)
  6 jellies
  17 small abominations
  7 orc priests
  A gnoll bouda (D:8)
  4 hounds
  An iron imp (Abyss:2)
  Jessica (D:2)
  4 iguanas
  19 orc wizards
  3 adders
  19 gnolls
  A shadow imp (D:8)
  An ufetubus (Abyss:3)
  An iguana zombie (Crypt:1)
  3 dart slugs
  70 orcs
  4 bat skeletons (D:7)
  3 bat zombies (D:7)
  5 endoplasms
  A giant cockroach (D:5)
  8 goblins
  13 hobgoblins
  6 jackals
  15 kobolds
  4 quokkas
  7 ball pythons
  3 bats (D:1)
  14 frilled lizards
  A hobgoblin skeleton (Crypt:2)
  A quokka skeleton (Crypt:3)
  9 rats
  A rat skeleton (Crypt:3)
  A river rat skeleton (Crypt:2)
  A creeping inferno (Geh:3)
  19 fire vortices
  4 tentacles (Shoals:2)
3212 creatures vanquished.

Vanquished Creatures (others)
  A dread lich (Geh:1)
  An Ice Fiend (Coc:6)
  2 titans (Pan)
  An eldritch tentacle (Pan)
  A shard shrike simulacrum (Coc:6)
  A caustic shrike simulacrum (Coc:7)
  2 juggernaut simulacra (Coc:5)
  A spriggan air mage (Pan)
  A merfolk aquamancer (Shoals:2)
  2 sun demons (Pan)
  A deep elf knight (Elf:2)
  2 spriggan simulacra
  A wizard (Pan)
  An orc sorcerer (Vaults:5)
  A rust devil (Hell)
  A tormentor (Geh:1)
  2 iron dragon simulacra
  A centaur simulacrum (Coc:1)
  A vampire (D:14)
  A ynoxinul (Pan)
  A warg (Vaults:5)
  An orc warrior (Vaults:5)
  An ice dragon simulacrum (Coc:1)
  A killer bee (D:8)
  2 gnolls (D:6)
  An orc (Vaults:5)
  3 ball lightnings (Pan)
  4 creeping infernos
  A fire vortex (Geh:6)
  34 fungi
  125 plants
  2 tentacles (Shoals:2)
201 creatures vanquished.

Grand Total: 3413 creatures vanquished

Notes
Turn   | Place    | Note
-------+----------+-------------------------------------------
     0 | D:1      | holysushi the Vine Stalker Monk began the quest for the
                  | Orb.
     0 | D:1      | Reached XP level 1. HP: 11/11 MP: 2/2
   130 | D:1      | Reached XP level 2. HP: 13/16 MP: 3/3
   568 | D:1      | Reached XP level 3. HP: 20/20 MP: 4/4
  1128 | D:2      | Noticed Jessica
  1140 | D:2      | Killed Jessica
  1141 | D:2      | Gained mutation: Your natural rate of healing is unusually
                  | fast. [Vine Stalker growth]
  1141 | D:2      | Reached XP level 4. HP: 21/24 MP: 5/5
  1698 | D:2      | Found a runed translucent door.
  1699 | D:2      | Noticed Crazy Yiuf
  2659 | D:4      | Noticed a black bear
  2682 | D:3      | Killed a black bear
  2683 | D:3      | Reached XP level 5. HP: 17/29 MP: 2/6
  2876 | D:4      | Found a sacrificial altar of Ru.
  3039 | D:4      | Reached skill level 5 in Short Blades
  3039 | D:4      | Reached XP level 6. HP: 31/33 MP: 7/7
  3099 | D:4      | Found a hazy altar of Hepliaklqana.
  3143 | D:4      | Found Luoj Dui's Weapon Shop.
  3228 | D:4      | Found a blossoming altar of Fedhas.
  3594 | D:5      | Entered Level 5 of the Dungeon
  3699 | D:5      | Found a glowing drain.
  3728 | Sewer    | Entered a sewer
  3854 | Sewer    | Noticed Pargi
  3878 | Sewer    | Killed Pargi
  3879 | Sewer    | Reached XP level 7. HP: 35/38 MP: 6/8
  4144 | D:5      | Found an iron altar of Okawaru.
  4197 | D:5      | Became a worshipper of Warmaster Okawaru
  4197 | D:5      | Reached * piety under Okawaru
  4197 | D:5      | Reached ** piety under Okawaru
  4398 | D:5      | Found a white marble altar of Elyvilon.
  4398 | D:5      | Found a shadowy altar of Dithmenos.
  4443 | D:5      | Found a hide-covered altar of Uskayaw.
  4531 | D:5      | Found a burning altar of Makhleb.
  4531 | D:5      | Found a shimmering altar of Xom.
  4907 | D:6      | Found Kaigua's Antique Armour Emporium.
  4911 | D:6      | Reached skill level 5 in Fighting
  4911 | D:6      | Reached skill level 1 in Spellcasting
  4911 | D:6      | Gained mutation: You have razor-sharp teeth. [Vine Stalker
                  | growth]
  4911 | D:6      | Reached XP level 8. HP: 43/43 MP: 8/10
  4912 | D:6      | Bought a pair of polished gloves for 275 gold pieces
  4912 | D:6      | Identified the +0 pair of gloves of Vuzeequr {Harm rPois
                  | rCorr MP+9} (You bought it in a shop on level 6 of the
                  | Dungeon)
  5068 | D:6      | Found a shimmering blue altar of Sif Muna.
  5351 | D:5      | HP: 2/43 [poisoned by a gnoll sergeant]
  5359 | D:5      | Identified a scroll of acquirement
  5359 | D:5      | Acquired the +1 hat of the Known World {rCorr Slay+6}
  5559 | D:6      | Reached *** piety under Okawaru
  5581 | D:6      | Found a staircase to the Ecumenical Temple.
  5739 | D:6      | Found a bloodstained altar of Trog.
  5755 | D:6      | Reached XP level 9. HP: 47/47 MP: 14/14
  5821 | D:7      | Found a snail-covered altar of Cheibriados.
  5841 | D:7      | Reached **** piety under Okawaru
  5856 | D:7      | Reached skill level 3 in Stealth
  5910 | D:7      | Reached skill level 5 in Dodging
  5916 | D:7      | Reached skill level 4 in Stealth
  6079 | D:7      | Reached skill level 5 in Stealth
  6109 | D:7      | Found an ancient bone altar of Kikubaaqudgha.
  6214 | D:7      | Reached skill level 10 in Short Blades
  6325 | D:8      | Reached XP level 10. HP: 44/51 MP: 16/16
  6484 | D:8      | Reached ***** piety under Okawaru
  6721 | D:8      | Identified the ring "Past" {rC+ Dex+4}
  6736 | D:8      | Noticed Maurice
  6738 | D:8      | Noticed a centaur warrior
  6930 | D:8      | Killed Maurice
  7063 | D:8      | Identified the +5 war axe of Crawling {venom, Str+2}
  7074 | D:8      | Identified the +1 helmet of the Ward {Int+2 Dex+6} (Okawaru
                  | gifted it to you on level 8 of the Dungeon)
  7074 | D:8      | Received a gift from Okawaru
  7075 | D:8      | Reached skill level 1 in Invocations
  7186 | D:8      | Noticed an orc knight
  7341 | D:8      | Noticed a two-headed ogre
  7344 | D:8      | Killed a two-headed ogre
  7569 | D:8      | Noticed a centaur warrior
  7587 | D:8      | Killed a centaur warrior
  7588 | D:8      | Reached skill level 6 in Stealth
  7588 | D:8      | Reached XP level 11. HP: 29/55 MP: 17/17
  7651 | D:8      | Noticed a red ugly thing
  7813 | D:9      | Noticed an orange crystal statue
  7913 | D:9      | Reached skill level 7 in Stealth
  8048 | D:9      | Found a glowing golden altar of the Shining One.
  8135 | D:9      | Noticed Joseph
  8154 | D:9      | Killed Joseph
  8264 | D:9      | Found Eluo's Assorted Antiques.
  8268 | D:9      | Bought a scroll of teleportation for 102 gold pieces
  8503 | D:10     | Entered Level 10 of the Dungeon
  8522 | D:10     | Reached skill level 8 in Stealth
  8580 | D:10     | Found a staircase to the Lair.
  8883 | D:10     | Found a broken altar of Ashenzari.
  9303 | D:11     | Found a hide-covered altar of Uskayaw.
  9303 | D:11     | Noticed a +0 spear
  9303 | D:11     | Noticed a +0 falchion
  9303 | D:11     | Noticed a +0 dagger
  9304 | D:11     | Noticed a +0 short sword
  9305 | D:11     | Noticed a +0 falchion
  9305 | D:11     | Noticed a +0 dagger
  9306 | D:11     | Noticed a +0 spear
  9307 | D:11     | Noticed a +0 short sword
  9330 | D:11     | Found a staircase to the Orcish Mines.
  9394 | D:11     | Noticed Erica
  9401 | D:11     | Killed Erica
  9401 | D:11     | Identified the +7 dagger of Goikhloly {pain, Will+ Str+2
                  | Dex-3} (Okawaru gifted it to you on level 11 of the
                  | Dungeon)
  9401 | D:11     | Received a gift from Okawaru
  9410 | D:11     | Noticed a manticore
  9418 | D:11     | Killed a manticore
  9577 | D:11     | Noticed a boulder beetle
  9605 | D:11     | Killed a boulder beetle
  9650 | D:11     | Identified the ring of Eddoyl {rN+ Stlth+}
  9698 | D:11     | Noticed a sixfirhy
  9794 | D:11     | Reached skill level 1 in Shields
  9809 | D:11     | Reached ****** piety under Okawaru
 10084 | D:11     | Noticed a boulder beetle
 10123 | D:11     | Killed a boulder beetle
 10124 | D:11     | Reached XP level 12. HP: 29/60 MP: 6/18
 10547 | Lair:1   | Entered Level 1 of the Lair of Beasts
 10692 | Lair:1   | Identified the +0 pair of gloves of Vibruatz {rC+ Int-4
                  | Dex+3} (Okawaru gifted it to you on level 1 of the Lair of
                  | Beasts)
 10692 | Lair:1   | Received a gift from Okawaru
 10742 | Lair:1   | Reached skill level 9 in Stealth
 10742 | Lair:1   | Reached skill level 5 in Shields
 10814 | Lair:1   | Reached skill level 10 in Stealth
 10887 | Lair:1   | Reached skill level 10 in Dodging
 11735 | Lair:2   | Noticed a seven-headed hydra
 11794 | Lair:2   | Killed a seven-headed hydra
 11794 | Lair:2   | Identified the +3 rapier of Expedience {holy, MP+9}
                  | (Okawaru gifted it to you on level 2 of the Lair of Beasts)
 11794 | Lair:2   | Received a gift from Okawaru
 11849 | Lair:2   | Reached XP level 13. HP: 49/67 MP: 19/19
 11890 | Lair:2   | Found a staircase to the Snake Pit.
 12402 | Lair:2   | Found a staircase to the Shoals.
 12485 | Lair:2   | Identified the +0 pair of boots of Pisokiej {Will++}
                  | (Okawaru gifted it to you on level 2 of the Lair of Beasts)
 12485 | Lair:2   | Received a gift from Okawaru
 13511 | Lair:3   | Reached skill level 10 in Fighting
 13551 | Lair:3   | Reached XP level 14. HP: 76/77 MP: 20/20
 13595 | Lair:3   | Identified the +5 trident of Uhutteat {heavy, Int+2}
 14439 | Lair:4   | Received a gift from Okawaru
 15019 | Lair:5   | Entered Level 5 of the Lair of Beasts
 15127 | Lair:5   | Found a staircase to the Slime Pits.
 15422 | Lair:5   | Received a gift from Okawaru
 16334 | Orc:1    | Entered Level 1 of the Orcish Mines
 16489 | Orc:2    | Entered Level 2 of the Orcish Mines
 16684 | Orc:2    | Noticed Snorg
 16689 | Orc:2    | Killed Snorg
 16690 | Orc:2    | Reached skill level 15 in Dodging
 16755 | Orc:2    | Reached skill level 5 in Spellcasting
 16908 | Orc:2    | Reached XP level 15. HP: 72/80 MP: 21/25
 16938 | Orc:2    | Received a gift from Okawaru
 17143 | Orc:2    | Found a staircase to the Elven Halls.
 17236 | Orc:2    | Found Fudaresi's Jewellery Emporium.
 17236 | Orc:2    | Found Qocruxt's Antique Armour Shop.
 17248 | Orc:2    | Found Rielajetei's Antique Weapon Shop.
 17248 | Orc:2    | Found Pinudext's Magic Scroll Shoppe.
 17270 | Orc:2    | Bought a scroll of teleportation for 39 gold pieces
 17285 | Orc:2    | Received a gift from Okawaru
 17590 | Orc:2    | Bought a shimmering short sword for 208 gold pieces
 17590 | Orc:2    | Identified the +5 short sword "Verph" {flame, rN+ rCorr}
                  | (You bought it in a shop on level 2 of the Orcish Mines)
 17683 | Orc:1    | Found Pybazec's Armour Shop.
 17769 | Orc:1    | Noticed Harold
 17792 | Orc:1    | Killed Harold
 17836 | Orc:1    | Reached skill level 10 in Spellcasting
 18214 | D:12     | Noticed Azrael
 18250 | D:12     | Killed Azrael
 18383 | D:12     | Found a runed translucent door.
 18403 | D:12     | Found a runed translucent door.
 18416 | D:12     | Found a runed translucent door.
 18574 | D:12     | Noticed Fannar
 18606 | D:12     | Killed Fannar
 18651 | D:12     | Found a runed translucent door.
 19172 | D:13     | Noticed Kirke
 19194 | D:13     | Killed Kirke
 19194 | D:13     | Identified the +2 pair of boots of the Valley of Death
                  | {rElec Regen+ Dex+3} (Okawaru gifted it to you on level 13
                  | of the Dungeon)
 19194 | D:13     | Received a gift from Okawaru
 19942 | D:13     | Identified the +6 whip of Cugob {vamp, rElec}
 20295 | D:13     | Found a gate to the Vaults.
 20704 | D:14     | Reached XP level 16. HP: 85/85 MP: 33/33
 21369 | D:14     | Got Asmodeus's Discursus on Pyromancy
 21467 | D:15     | Entered Level 15 of the Dungeon
 21477 | D:15     | Identified the +0 glaive of Exoneration {speed, rCorr
                  | Int+4} (Okawaru gifted it to you on level 15 of the
                  | Dungeon)
 21477 | D:15     | Received a gift from Okawaru
 21517 | D:15     | Identified the +3 dire flail of Day {drain, *Slow rN+++
                  | Will- rCorr}
 21593 | D:15     | Reached skill level 11 in Stealth
 21619 | D:15     | Noticed Roxanne
 21830 | D:15     | Reached skill level 12 in Stealth
 21973 | D:15     | Reached skill level 13 in Stealth
 22054 | D:15     | Identified the +5 quick blade of Fate {pain, rC++ Int+2
                  | Dex-4 SInv} (Okawaru gifted it to you on level 15 of the
                  | Dungeon)
 22054 | D:15     | Received a gift from Okawaru
 22056 | D:15     | Found a staircase to the Depths.
 22322 | D:15     | Reached skill level 14 in Stealth
 22342 | D:15     | Found a portal to a secret trove of treasure.
 22778 | Snake:1  | Entered Level 1 of the Snake Pit
 23489 | Snake:1  | Noticed a nagaraja
 23493 | Snake:1  | Killed a nagaraja
 23497 | Snake:1  | Found the +5 Force Lance {heavy, knockback}
 23535 | Snake:1  | Reached XP level 17. HP: 64/89 MP: 35/35
 23540 | Snake:1  | Identified the +4 robe of the Orange Skies {Str-4 Slay+6}
                  | (Okawaru gifted it to you on level 1 of the Snake Pit)
 23540 | Snake:1  | Received a gift from Okawaru
 24083 | Snake:1  | Found Qophif's Book Emporium.
 24083 | Snake:1  | Found Vankirupn's Jewellery Shop.
 24084 | Snake:1  | Found Dujuguol's Jewellery Shop.
 24551 | Snake:2  | Noticed Jorgrun
 24563 | Snake:2  | Killed Jorgrun
 24666 | Snake:2  | Reached skill level 10 in Shields
 24729 | Snake:2  | Noticed Frances
 24735 | Snake:2  | Killed Frances
 25141 | Snake:2  | You fall into a shaft and drop 1 floor!
 25195 | Snake:3  | Found a runed translucent gate.
 25196 | Snake:3  | Found a runed translucent gate.
 25197 | Snake:3  | Found a runed translucent gate.
 25199 | Snake:3  | Noticed flotson's ghost (adept DsDe)
 25414 | Snake:3  | Received a gift from Okawaru
 25677 | Snake:3  | Found Hereim's General Store.
 25686 | Snake:3  | Bought a scroll of teleportation for 42 gold pieces
 25710 | Snake:3  | Noticed Vashnia
 25756 | Snake:3  | Killed Vashnia
 25968 | Snake:3  | Identified the +0 cloak of the Elven Halls {rN+ Will+}
                  | (Okawaru gifted it to you on level 3 of the Snake Pit)
 25968 | Snake:3  | Received a gift from Okawaru
 26271 | Snake:4  | Entered Level 4 of the Snake Pit
 26445 | Snake:4  | Noticed Bai Suzhen
 26471 | Snake:4  | Killed Bai Suzhen
 26472 | Snake:4  | Reached XP level 18. HP: 36/93 MP: 29/36
 27245 | Snake:4  | Identified the +3 plate armour "Xuojaji" {rElec MP+9}
 27297 | Snake:4  | Got a serpentine rune of Zot
 27401 | Snake:4  | Reached skill level 15 in Shields
 27562 | Snake:4  | Received a gift from Okawaru
 27985 | Shoals:1 | Entered Level 1 of the Shoals
 28935 | Shoals:2 | Found a runed translucent gate.
 28935 | Shoals:2 | Found a runed translucent gate.
 28986 | Shoals:2 | Found a runed translucent gate.
 29113 | Shoals:2 | Received a gift from Okawaru
 29230 | Shoals:2 | Reached XP level 19. HP: 93/99 MP: 37/37
 29391 | Shoals:2 | Noticed wormed's ghost (adept DsCj)
 29468 | Shoals:2 | Killed wormed's ghost
 29521 | Shoals:2 | Identified the +0 cloak of Midnight {Rampage Int+3}
 29826 | Shoals:3 | Found Vogoto's General Store.
 29828 | Shoals:3 | Bought a scroll of brand weapon for 180 gold pieces
 29828 | Shoals:3 | Bought a wand of light (6) for 478 gold pieces
 30049 | Shoals:3 | Reached skill level 1 in Evocations
 30112 | Shoals:3 | Received a gift from Okawaru
 30475 | Shoals:4 | Entered Level 4 of the Shoals
 30592 | Shoals:4 | Got the Parchment of Striking
 30670 | Shoals:4 | Received a gift from Okawaru
 30883 | Shoals:4 | Learned a level 2 spell: Blink
 30894 | Shoals:4 | Got the Volume of Baneful Portals
 31359 | Shoals:4 | Got a barnacled rune of Zot
 31810 | Elf:1    | Entered Level 1 of the Elven Halls
 32179 | Elf:1    | Reached XP level 20. HP: 107/107 MP: 38/38
 32457 | Elf:1    | Noticed Zenata
 32481 | Elf:1    | Killed Zenata
 32726 | Elf:2    | Identified the +1 pair of boots "Kajen" {Rampage Str+6
                  | Int-5} (Okawaru gifted it to you on level 2 of the Elven
                  | Halls)
 32726 | Elf:2    | Received a gift from Okawaru
 32950 | Elf:2    | Found a runed translucent gate.
 32951 | Elf:2    | Found a runed translucent gate.
 32951 | Elf:2    | Found a runed translucent gate.
 33490 | Elf:3    | Entered Level 3 of the Elven Halls
 33697 | Elf:3    | Noticed Aizul
 33713 | Elf:3    | Killed Aizul
 33738 | Elf:3    | Identified the +6 short sword "Wurghodd" {freeze, rC+
                  | Will++ Str+2 Dex-2} (Okawaru gifted it to you on level 3 of
                  | the Elven Halls)
 33738 | Elf:3    | Received a gift from Okawaru
 33898 | Elf:3    | Identified the +4 leather armour of the Salamander {Rampage
                  | rPois Str-2 Int+3}
 33898 | Elf:3    | Identified the ring "Ytizej" {+Blink rF+ rCorr EV+5}
 33991 | Elf:3    | Identified the +4 animal skin of the Wilderness {Slay+2}
                  | (Okawaru gifted it to you on level 3 of the Elven Halls)
 33991 | Elf:3    | Received a gift from Okawaru
 34004 | Elf:3    | Reached XP level 21. HP: 62/111 MP: 39/39
 34197 | Elf:3    | Found the +12 glaive of Prune {freeze, Prune}
 34300 | Elf:3    | Reached XP level 22. HP: 115/115 MP: 40/40
 34386 | Elf:3    | Identified the +12 chain mail of Valann {Regen+}
 34397 | Elf:3    | Identified the +0 chain mail "Juus" {rF- Str+6}
 34399 | Elf:3    | Identified the +5 shortbow "Zag Veomp" {drain, Str-5 SInv
                  | Stlth+}
 34501 | Elf:3    | Identified the +0 chain mail "Suh Ebu" {rPois rF+ rC+}
 34646 | Elf:2    | Found a radiant altar of Vehumet.
 35775 | D:15     | Killed Roxanne
 35815 | Depths:1 | Entered Level 1 of the Depths
 36102 | Depths:1 | Found a gateway to Hell.
 36171 | Depths:1 | Identified the +3 rapier "Gamniddi" {flame, *Corrode rPois
                  | rN+ Stlth+} (Okawaru gifted it to you on level 1 of the
                  | Depths)
 36171 | Depths:1 | Received a gift from Okawaru
 36271 | Depths:1 | Reached skill level 15 in Stealth
 36636 | Depths:1 | Reached skill level 5 in Invocations
 36870 | Depths:1 | Reached skill level 16 in Stealth
 37037 | Depths:2 | Identified the +0 ring mail "Fuomawunt" {rC+ Str+4 Dex+3}
                  | (Okawaru gifted it to you on level 2 of the Depths)
 37037 | Depths:2 | Received a gift from Okawaru
 37383 | Depths:2 | Reached skill level 17 in Stealth
 37893 | Depths:2 | Found a one-way gate leading to the halls of Pandemonium.
 37925 | Depths:2 | Reached XP level 23. HP: 119/119 MP: 41/41
 38490 | Depths:3 | Noticed Vv
 38543 | Depths:3 | Killed Vv
 38610 | Depths:3 | Reached skill level 18 in Stealth
 38873 | Depths:3 | Found a one-way gate to the infinite horrors of the Abyss.
 38880 | Depths:3 | Noticed Mara
 38890 | Depths:3 | Killed Mara
 39124 | Depths:3 | Received a gift from Okawaru
 39320 | Depths:3 | Identified the +3 dagger of the People {protect, rN+ Dex+2}
 39452 | Depths:3 | Noticed the Enchantress
 39489 | Depths:3 | Killed the Enchantress
 39630 | Depths:3 | Reached skill level 10 in Invocations
 39789 | Depths:3 | Received a gift from Okawaru
 39938 | Depths:4 | Entered Level 4 of the Depths
 40017 | Depths:4 | Found a gate to the Realm of Zot.
 40417 | Depths:4 | Received a gift from Okawaru
 40528 | Depths:4 | Reached XP level 24. HP: 124/124 MP: 41/41
 40561 | Depths:4 | Found Jofal's Armour Boutique.
 40562 | Depths:4 | Found Huaff's Antique Armour Boutique.
 40562 | Depths:4 | Found Ruik's Assorted Antiques.
 40562 | Depths:4 | Noticed a caustic shrike
 40562 | Depths:4 | Noticed a caustic shrike
 40562 | Depths:4 | Noticed a caustic shrike
 40562 | Depths:4 | Noticed a caustic shrike
 40562 | Depths:4 | Noticed a caustic shrike
 40576 | Depths:4 | Killed a caustic shrike
 40586 | Depths:4 | Killed a caustic shrike
 40587 | Depths:4 | Reached skill level 5 in Evocations
 40594 | Depths:4 | Killed a caustic shrike
 40604 | Depths:4 | Killed a caustic shrike
 40622 | Depths:4 | Killed a caustic shrike
 40711 | Depths:4 | Found Kiaja's Magic Scroll Shop.
 40717 | Depths:4 | Bought a scroll of enchant weapon for 165 gold pieces
 40720 | Depths:4 | Bought a steaming lead ring for 170 gold pieces
 40720 | Depths:4 | Identified the ring of Lirchic {rElec rC+++ rCorr Str-5
                  | Dex-4} (You bought it in a shop on level 4 of the Depths)
 40720 | Depths:4 | Bought a potion of haste for 340 gold pieces
 40760 | Depths:4 | Noticed a juggernaut
 40793 | Depths:4 | Killed a juggernaut
 40794 | Depths:4 | Reached skill level 19 in Stealth
 40803 | Depths:4 | Identified the +6 short sword of Ambiguity {flame, SInv}
                  | (Okawaru gifted it to you on level 4 of the Depths)
 40803 | Depths:4 | Received a gift from Okawaru
 40895 | Depths:4 | Found a one-way gateway to a ziggurat.
 41172 | Vaults:1 | Entered Level 1 of the Vaults
 41848 | Vaults:1 | Identified the -1 pair of boots of the Robin {Int+4}
                  | (Okawaru gifted it to you on level 1 of the Vaults)
 41848 | Vaults:1 | Received a gift from Okawaru
 41952 | Vaults:1 | Reached skill level 20 in Stealth
 42170 | Vaults:1 | Found Geutil's Armour Boutique.
 42470 | Vaults:2 | Found a flickering gateway to a bazaar.
 42490 | Bazaar   | Entered a bazaar
 42497 | Bazaar   | Found Cangeen's Distillery.
 42535 | Bazaar   | Found Rontuikhle's General Store.
 42575 | Bazaar   | Found Olio's Armour Shop.
 42681 | Bazaar   | Bought a potion of haste for 150 gold pieces
 42681 | Bazaar   | Bought a potion of haste for 150 gold pieces
 42717 | Bazaar   | Bought a scroll of acquirement for 676 gold pieces
 42717 | Bazaar   | Bought a potion of invisibility for 104 gold pieces
 42717 | Bazaar   | Acquired 493 gold pieces
 42781 | Vaults:2 | Noticed Mennas
 42826 | Vaults:2 | Killed Mennas
 42843 | Vaults:2 | Noticed Saint Roka
 42876 | Vaults:2 | Killed Saint Roka
 43011 | Vaults:2 | Identified the +0 ring mail of the Fife {Int+4}
 43613 | Vaults:2 | Reached XP level 25. HP: 128/128 MP: 41/41
 43755 | Vaults:2 | Got Omiarchowinn's Quarto of the Rocky Commander
 43982 | Vaults:3 | Received a gift from Okawaru
 44147 | Vaults:3 | Found a staircase to the Crypt.
 44272 | Vaults:3 | Received a gift from Okawaru
 45370 | Vaults:4 | Received a gift from Okawaru
 45613 | Vaults:4 | Got Ykuckiqe's Book of the Excruciating Zephyr
 45893 | Vaults:4 | Identified the +1 ring mail of Protective Custody {-Cast
                  | Str+6 Dex+3}
 46242 | Vaults:5 | Entered Level 5 of the Vaults
 46466 | Vaults:5 | Reached XP level 26. HP: 133/133 MP: 41/41
 46526 | Vaults:5 | Identified the +1 ring mail "Funil" {rPois rC+ Dex-2
                  | Slay+2}
 46527 | Vaults:5 | Noticed a dread lich
 46565 | Vaults:5 | Killed a dread lich
 46565 | Vaults:5 | Received a gift from Okawaru
 46616 | Vaults:5 | Got a silver rune of Zot
 46625 | Vaults:5 | Found the ring of Shadows {Umbra +Inv Stlth+}
 46764 | Vaults:5 | Identified the ring of Zetyg {rElec rPois rF+}
 46806 | Vaults:5 | Identified the +1 great sword "Lutimok" {heavy, rPois MP+9
                  | SInv}
 46840 | Vaults:5 | Noticed a dread lich
 46853 | Vaults:5 | Killed a dread lich
 46901 | Vaults:5 | Identified the ring of the Bright Grape {rF+ rC+}
 46932 | Vaults:5 | Identified the +6 plate armour of Bacuub {Regen+ Slay+3
                  | Stlth+}
 47004 | Vaults:5 | Received a gift from Okawaru
 47561 | Vaults:5 | Identified the +1 chain mail of Sen Viob {Harm Regen+}
 47649 | Vaults:5 | Identified the +10 war axe of Winter {pain, rN+ Dex+3
                  | Stlth+}
 47664 | Vaults:5 | Noticed an ancient lich
 47669 | Vaults:5 | Identified the +0 chain mail of Duobifos {rN+ Int+8 Dex+3
                  | Slay-6}
 47688 | Vaults:5 | Killed an ancient lich
 47702 | Vaults:5 | Identified the +8 double sword of Greed {flame, Str+4
                  | Int+3}
 48207 | Depths:3 | Voluntarily entered the Abyss.
 48240 | Abyss:2  | Found a corrupted altar of Lugonu.
 48242 | Abyss:2  | Found a corrupted altar of Lugonu.
 48286 | Abyss:3  | Found a corrupted altar of Lugonu.
 48365 | Abyss:3  | Gained mutation: Armour fits poorly on your strangely
                  | shaped body. [a cacodemon]
 48481 | Abyss:3  | Got an abyssal rune of Zot
 48534 | Depths:3 | Escaped the Abyss
 48644 | Pan      | Entered Pandemonium
 48670 | Pan      | Identified the +1 pair of boots "Cufep" {rPois} (Okawaru
                  | gifted it to you in Pandemonium)
 48670 | Pan      | Received a gift from Okawaru
 48962 | Pan      | Found a runed translucent door.
 49026 | Pan      | Reached skill level 10 in Evocations
 49083 | Pan      | Noticed Ykke Esu the pandemonium lord
 49087 | Pan      | Killed Ykke Esu the pandemonium lord
 49088 | Pan      | Reached XP level 27. HP: 137/137 MP: 41/41
 49209 | Pan      | Noticed Owixeos the pandemonium lord
 49261 | Pan      | Killed Owixeos the pandemonium lord
 49440 | Pan      | Gained mutation: Your spells are a little easier to cast,
                  | but a little less powerful. [a cacodemon]
 49510 | Pan      | Learned a level 4 spell: Airstrike
 49813 | Pan      | Learned a level 4 spell: Manifold Assault
 49983 | Pan      | Reached skill level 1 in Translocations
 50319 | Pan      | Gained mutation: You are clumsy. (Dex -2) [a neqoxec]
 50653 | Pan      | Reached skill level 5 in Translocations
 51511 | Pan      | Identified the +1 ring mail of Impermeability {Str+5}
                  | (Okawaru gifted it to you in Pandemonium)
 51511 | Pan      | Received a gift from Okawaru
 51699 | Pan      | Identified the +5 war axe "Eggetih" {flame, rN++ Str+7
                  | Dex-3}
 51702 | Pan      | Got a demonic rune of Zot
 51742 | Pan      | Reached skill level 21 in Stealth
 51852 | Pan      | Found a white marble altar of Elyvilon.
 52454 | Pan      | Reached skill level 22 in Stealth
 52581 | Pan      | Found a glowing silver altar of Zin.
 53367 | Pan      | Found a glowing golden altar of the Shining One.
 53367 | Pan      | Noticed a seraph
 53386 | Pan      | Killed a seraph
 53739 | Pan      | Received a gift from Okawaru
 53901 | Pan      | Reached skill level 15 in Fighting
 54290 | Depths:3 | Escaped Pandemonium
 54721 | Hell     | Entered the Vestibule of Hell
 54721 | Hell     | Noticed Geryon
 54725 | Hell     | Killed Geryon
 54895 | Hell     | Learned a level 6 spell: Statue Form
 54933 | Hell     | Reached skill level 1 in Earth Magic
 54935 | Hell     | Found a gateway to the freezing wastes of Cocytus.
 54941 | Hell     | Reached skill level 1 in Transmutations
 55111 | Hell     | Found a gateway to the Iron City of Dis.
 55234 | Hell     | Identified the +2 helmet "Avinay" {rF- rC+++ Int-5 Dex+8}
                  | (Okawaru gifted it to you in the Vestibule of Hell)
 55234 | Hell     | Received a gift from Okawaru
 55287 | Hell     | Found a gateway to the ashen valley of Gehenna.
 55465 | Pan      | Entered Pandemonium
 55867 | Pan      | Gained mutation: You are frail. (-10% HP) [a neqoxec]
 55893 | Pan      | Found an exit through the horrors of the Abyss.
 55938 | Pan      | Took an exit into the Abyss.
 55938 | Abyss:3  | Escaped into the Abyss
 55978 | Depths:2 | Escaped the Abyss
 55980 | Pan      | Entered Pandemonium
 56201 | Pan      | Found an exit through the horrors of the Abyss.
 56412 | Pan      | Reached skill level 5 in Transmutations
 56412 | Pan      | Reached skill level 5 in Earth Magic
 56584 | Pan      | Identified the +2 cloak of the Pleiades {Regen+ Str+2 Int+3
                  | Dex+4}
 56678 | Pan      | Noticed Pag Das the pandemonium lord
 56680 | Pan      | Killed Pag Das the pandemonium lord
 56731 | Pan      | Found a transporter.
 56736 | Pan      | Found a transporter.
 56755 | Pan      | Found a transporter.
 56760 | Pan      | Found an exit through the horrors of the Abyss.
 56771 | Pan      | Found a transporter.
 56790 | Pan      | Found a transporter.
 56900 | Pan      | Identified the ring "Ziul" {rElec rF+ rC+ Str+2}
 56903 | Pan      | Identified the +0 helmet of Buucewayl {rF+ Will+ Str-3
                  | Dex+2 SInv}
 57183 | Pan      | Entered the realm of Mnoleg.
 57195 | Pan      | Gained mutation: You expend magic power (3 MP) to
                  | strengthen your wands. [a neqoxec]
 57197 | Pan      | Gained mutation: Your body sometimes deteriorates upon
                  | taking damage. [a neqoxec]
 57200 | Pan      | Noticed Mnoleg
 57205 | Pan      | Received a gift from Okawaru
 57268 | Pan      | Killed Mnoleg
 57280 | Pan      | Gained mutation: You are dopey. (Int -2) [a neqoxec]
 57287 | Pan      | Lost intelligence.
 57290 | Pan      | Gained mutation: You are weak. (Str -2) [a shining eye]
 57299 | Pan      | Gained mutation: You occasionally shout uncontrollably at
                  | your foes. [a neqoxec]
 57345 | Pan      | Lost mutation: You are clumsy. (Dex -2) [potion of
                  | mutation]
 57345 | Pan      | Lost mutation: You occasionally shout uncontrollably at
                  | your foes. [potion of mutation]
 57345 | Pan      | Lost mutation: Armour fits poorly on your strangely shaped
                  | body. [potion of mutation]
 57345 | Pan      | Lost mutation: You expend magic power (3 MP) to strengthen
                  | your wands. [potion of mutation]
 57345 | Pan      | Gained mutation: You have hidden genetic defects. [potion
                  | of mutation]
 57345 | Pan      | Lost mutation: Your spells are a little easier to cast, but
                  | a little less powerful. [potion of mutation]
 57346 | Pan      | Lost mutation: You are weak. (Str -2) [potion of mutation]
 57346 | Pan      | Lost mutation: You are frail. (-10% HP) [potion of
                  | mutation]
 57346 | Pan      | Lost mutation: You are dopey. (Int -2) [potion of mutation]
 57346 | Pan      | Gained mutation: Your mind is acute. (Int +4, Str/Dex -1)
                  | [potion of mutation]
 57346 | Pan      | Gained mutation: You have a pair of small horns on your
                  | head. [potion of mutation]
 57530 | Pan      | Got a glowing rune of Zot
 57548 | Pan      | Identified the amulet of Lisup {Regen+ Dex+2}
 57793 | Pan      | Noticed Dielimepp the pandemonium lord
 57821 | Pan      | Killed Dielimepp the pandemonium lord
 57821 | Pan      | Identified the -2 kite shield "Orghug" {rF+ Str+4 Dex+3}
                  | (Okawaru gifted it to you in Pandemonium)
 57821 | Pan      | Received a gift from Okawaru
 58004 | Pan      | Found an exit through the horrors of the Abyss.
 58108 | Pan      | Gained mutation: Your spells are a little easier to cast,
                  | but a little less powerful. [hidden defects]
 58210 | Pan      | Got the Book of Forceful Modification
 58387 | Pan      | Entered the realm of Gloorx Vloq.
 58387 | Pan      | Noticed Gloorx Vloq
 58401 | Pan      | Killed Gloorx Vloq
 58402 | Pan      | Reached skill level 15 in Spellcasting
 58414 | Pan      | Got a dark rune of Zot
 58527 | Pan      | Identified the +6 sling of the Mouth {drain, rCorr Str+3
                  | Int-4}
 58783 | Pan      | Gained mutation: You occasionally shout uncontrollably at
                  | your foes. [hidden defects]
 58783 | Pan      | Lost mutation: You have hidden genetic defects. [hidden
                  | defects expressed]
 58862 | Pan      | Identified the +9 morningstar "Nageos" {protect, rPois
                  | Int-4 SInv}
 59084 | Pan      | Noticed Ecits the pandemonium lord
 59121 | Pan      | Killed Ecits the pandemonium lord
 59162 | Pan      | Found an exit through the horrors of the Abyss.
 59171 | Pan      | Took an exit into the Abyss.
 59171 | Abyss:3  | Escaped into the Abyss
 59186 | Depths:2 | Escaped the Abyss
 59188 | Pan      | Entered Pandemonium
 59252 | Pan      | Noticed Mojeduq the pandemonium lord
 59273 | Pan      | Killed Mojeduq the pandemonium lord
 59308 | Pan      | Entered the realm of Lom Lobon.
 59429 | Pan      | Received a gift from Okawaru
 59561 | Pan      | Noticed Lom Lobon
 59572 | Pan      | Got a magical rune of Zot
 59624 | Pan      | Entered the realm of Cerebov.
 59812 | Pan      | Reached skill level 23 in Stealth
 59825 | Pan      | Identified the ring "Rurphaczi" {rElec rC+ SInv}
 59832 | Pan      | Identified the +4 rapier of the Sun {flame, rC+ rN+}
 59973 | Pan      | Got the Grimoire of Deathly Impulse
 60014 | Pan      | Found the +6 sword of Cerebov {flame}
 60014 | Pan      | Noticed Cerebov
 60028 | Pan      | Killed Cerebov
 60103 | Pan      | Identified the +8 dagger "Beetlebane" {protect, rElec rCorr
                  | Str-5 SInv}
 60107 | Pan      | Got a fiery rune of Zot
 60199 | Pan      | Reached skill level 24 in Stealth
 60222 | Depths:2 | Escaped Pandemonium
 60535 | Slime:1  | Entered Level 1 of the Pits of Slime
 60582 | Slime:2  | Identified the +1 robe of Instinct {Int+3} (Okawaru gifted
                  | it to you on level 2 of the Pits of Slime)
 60582 | Slime:2  | Received a gift from Okawaru
 60645 | Slime:5  | Entered Level 5 of the Pits of Slime
 60670 | Slime:5  | Noticed the Royal Jelly
 60718 | Slime:5  | Killed the Royal Jelly
 60746 | Slime:5  | Reached skill level 25 in Stealth
 60891 | Slime:5  | Got a slimy rune of Zot
 60957 | Slime:5  | Identified the amulet "Toociluz" {Faith -Tele rC+ Str+5
                  | SInv}
 61410 | Crypt:1  | Entered Level 1 of the Crypt
 61428 | Crypt:1  | Noticed Xtahua
 61431 | Crypt:1  | Killed Xtahua
 61763 | Crypt:1  | Noticed Frederick
 61771 | Crypt:1  | Killed Frederick
 61881 | Crypt:1  | Reached skill level 26 in Stealth
 61997 | Crypt:1  | Noticed Donald
 62004 | Crypt:1  | Killed Donald
 62508 | Crypt:2  | Noticed Margery
 62534 | Crypt:2  | Killed Margery
 62813 | D:15     | You paid a toll of a +7 demon blade to enter a treasure
                  | trove
 62814 | Trove    | Entered a treasure trove
 62817 | Trove    | Found the +1 cloak of Starlight {*Dazzle EV+4 Stlth--}
 62822 | Trove    | Identified the +3 leather armour of Semaxuff {Str+6 Dex-2}
 62828 | Trove    | Identified the +0 pair of gloves of Monotheism {rC+}
 62830 | Trove    | Identified the +0 hat of Hairiness {MP+9}
 62831 | Trove    | Identified the +0 kite shield of Cihemuosk {rC+ Str+3
                  | Slay-4}
 62835 | Trove    | Identified the +1 scale mail "Ystecif" {rN++}
 62836 | Trove    | Identified the +0 chain mail of Ignis's Displeasure {Int+3}
 62837 | Trove    | Identified the +2 pair of gloves of the Everdark {Slay+6}
 63378 | Crypt:2  | Received a gift from Okawaru
 63757 | Crypt:3  | Entered Level 3 of the Crypt
 64174 | Crypt:3  | Found a staircase to the Tomb.
 64244 | Crypt:3  | Identified the +0 pair of boots "Neuth" {rF+++ Int+3}
                  | (Okawaru gifted it to you on level 3 of the Crypt)
 64244 | Crypt:3  | Received a gift from Okawaru
 64280 | Crypt:3  | Found an ancient bone altar of Kikubaaqudgha.
 64529 | Crypt:3  | Noticed an ancient lich
 64550 | Crypt:3  | Killed an ancient lich
 64578 | Crypt:3  | Identified the ring of the Shrike {rN+ Will+ Int+6 Dex+2
                  | Stlth+}
 64982 | Hell     | Lost mutation: Your body sometimes deteriorates upon taking
                  | damage. [potion of mutation]
 64982 | Hell     | Lost mutation: Your spells are a little easier to cast, but
                  | a little less powerful. [potion of mutation]
 64982 | Hell     | Lost mutation: You occasionally shout uncontrollably at
                  | your foes. [potion of mutation]
 64982 | Hell     | Gained mutation: You possess an exceptional clarity of
                  | mind. [potion of mutation]
 64982 | Hell     | Gained mutation: You are clumsy. (Dex -2) [potion of
                  | mutation]
 64982 | Hell     | Gained mutation: You heal very quickly. [potion of
                  | mutation]
 64982 | Hell     | Gained mutation: You have supernaturally acute eyesight.
                  | (SInv) [potion of mutation]
 64983 | Hell     | Lost mutation: You heal very quickly. [potion of mutation]
 64983 | Hell     | Lost mutation: You possess an exceptional clarity of mind.
                  | [potion of mutation]
 64983 | Hell     | Gained mutation: Your spells are a little harder to cast,
                  | but a little more powerful. [potion of mutation]
 64983 | Hell     | Gained mutation: You have sharp toenails. [potion of
                  | mutation]
 64984 | Hell     | Lost mutation: Your mind is acute. (Int +4, Str/Dex -1)
                  | [potion of mutation]
 64984 | Hell     | Lost mutation: You are clumsy. (Dex -2) [potion of
                  | mutation]
 64984 | Hell     | Lost mutation: You have supernaturally acute eyesight.
                  | (SInv) [potion of mutation]
 64984 | Hell     | Gained mutation: You are strong-willed. (Will+) [potion of
                  | mutation]
 64985 | Hell     | Lost mutation: You have sharp toenails. [potion of
                  | mutation]
 64985 | Hell     | Lost mutation: Your spells are a little harder to cast, but
                  | a little more powerful. [potion of mutation]
 64985 | Hell     | Lost mutation: You have a pair of small horns on your head.
                  | [potion of mutation]
 64985 | Hell     | Gained mutation: You are somewhat resistant to further
                  | mutation. [potion of mutation]
 64985 | Hell     | Gained mutation: Your movements are slightly less
                  | encumbered by armour. (ER -2) [potion of mutation]
 65119 | Geh:1    | Entered Level 1 of Gehenna
 65120 | Geh:1    | Noticed a dread lich
 65130 | Geh:1    | Killed a dread lich
 65295 | Geh:2    | Noticed an ancient lich
 65321 | Geh:2    | Killed an ancient lich
 65413 | Geh:2    | Noticed a dread lich
 65413 | Geh:2    | Noticed a dread lich
 65414 | Geh:2    | Noticed a dread lich
 65414 | Geh:2    | Noticed a dread lich
 65415 | Geh:2    | Noticed a dread lich
 65417 | Geh:2    | Noticed a dread lich
 65417 | Geh:2    | Noticed a dread lich
 65461 | Geh:2    | Killed a dread lich
 65469 | Geh:2    | Killed a dread lich
 65478 | Geh:2    | Killed a dread lich
 65483 | Geh:2    | Killed a dread lich
 65483 | Geh:2    | Identified the +4 troll leather armour of Fashionability
                  | {+Inv Regen+ rCorr Str-3 Dex+3} (Okawaru gifted it to you
                  | on level 2 of Gehenna)
 65483 | Geh:2    | Received a gift from Okawaru
 65507 | Geh:2    | Killed a dread lich
 65516 | Geh:2    | Killed a dread lich
 65524 | Geh:2    | Killed a dread lich
 66087 | Geh:7    | Entered Level 7 of Gehenna
 66222 | Geh:7    | Received a gift from Okawaru
 66424 | Geh:7    | Reached skill level 10 in Earth Magic
 66479 | Geh:7    | Reached skill level 10 in Transmutations
 66638 | Geh:7    | Identified the +5 leather armour of the Original Sin {+Inv
                  | Fly rF+}
 66649 | Geh:7    | Identified the ring "Mokhy" {rC++ EV+5}
 66678 | Geh:7    | Got the Catalogue of the Tundra and the Entourage
 66778 | Geh:7    | Found the +7 sceptre of Asmodeus
 66778 | Geh:7    | Noticed Asmodeus
 66787 | Geh:7    | Killed Asmodeus
 66791 | Geh:7    | Got an obsidian rune of Zot
 67041 | Coc:1    | Entered Level 1 of Cocytus
 67416 | Coc:4    | Identified the +1 ring mail "Adet" {rPois} (Okawaru gifted
                  | it to you on level 4 of Cocytus)
 67416 | Coc:4    | Received a gift from Okawaru
 67546 | Coc:5    | Paralysed by a wendigo for 1 turns
 67626 | Coc:1    | Lost intelligence.
 67990 | Coc:2    | You fall into a shaft and drop 2 floors!
 68297 | Coc:7    | Entered Level 7 of Cocytus
 68524 | Coc:7    | HP: 8/161 [water elemental[an elemental wellspring] (1)]
 68528 | Coc:7    | Killed from afar by an elemental wellspring

Illustrated notes

Levels and vault maps discovered:
D:1:      dpeg_arrival_shrine, layout_loops_cross,
          chequers_serial_rivers_small_3
D:2:      layout_loops_corners, uniq_jessica, uniq_crazy_yiuf_cottage
D:3:      layout_loops_ring
D:4:      layout_basic, nicolae_overflow_hidden_temple, nicolae_ru_awakened_eye,
          worldfamousw_hep_ancestral_shrine, serial_shops,
          nicolae_shop_waterfront
D:5:      layout_loops_ring, grunt_temple_overflow_champion_of_chaos,
          kennysheep_little_box, okawaru_altar_gauntlet_db,
          gammafunk_temple_overflow_wave, portal_sewer_entry_f
D:6:      layout_cave_pools, trog_butcher_becter, mainiacjoe_overflow_catwalk,
          minmay_temple_entry_junction_2, serial_shops,
          nicolae_shop_advertising_works [nicolae_subvault_shop_adworks]
D:7:      layout_rooms, kennysheep_vampire_church,
          mainiacjoe_overflow_tiny_flanked
D:8:      nzn_winding_woodlands_large [nzn_winding_woodlands_5x5_cross,
          nzn_winding_woodlands_5x15_river_crossing,
          nzn_winding_woodlands_hourglass,
          nzn_winding_woodlands_center_pierced_h,
          nzn_winding_woodlands_15x15_boxy_spiral,
          nzn_winding_woodlands_center_triple_pond,
          nzn_winding_woodlands_5x5_perimeter, nzn_winding_woodlands_5x15_eye,
          nzn_winding_woodlands_5x5_default], layout_loops_ring, uniq_maurice
D:9:      layout_irregular_city, tso_altar, serial_shops, shop,
          hangedman_decor_opposing, minmay_statue_bubble, uniq_joseph
D:10:     layout_loops_ring, mainiacjoe_overflow_paths,
          grunt_lair_entry_orc_guard_hut
D:11:     layout_stronghold, orc_0_dummy, nicolae_uskayaw_en_pointe, uniq_erica
D:12:     layout_irregular_city, minmay_statue_crystal_thing, uniq_fannar,
          uniq_azrael
D:13:     layout_layer_cave, ximxim_vaults_locker_room, uniq_kirke
D:14:     cheibrodos_lost_city_excavation, layout_irregular_city,
          serial_park_tiny_2, serial_bayou, serial_bayou_shore_b,
          serial_bayou_shore_b, serial_bayou_shore_a, serial_bayou_pond_c
D:15:     gammafunk_enter_depths_forms, layout_small_grid,
          nicolae_trove_entry_isolated, hangedman_glass_teeth,
          minmay_misc_feat_hallway, uniq_roxanne
Lair:1:   layout_cave_pods, grunt_megastairs_4
Lair:2:   layout_regular_city, nicolae_shoals_entry_roost, dummy_snake_entry,
          grunt_forest_large_clearings
Lair:3:   layout_cave_pods, chequers_serial_rivers_micro_d, grunt_megastairs_5
Lair:4:   layout_cave_shapes, disabler_island, lemuel_fruit_fields
Lair:5:   hangedman_lair_tendril_chambers, layout_small_grid,
          minmay_slime_entry_pillars, serial_bayou_shore_b
Shoals:1: layout_shoals
Shoals:2: cheibrodos_shoals_three_sisters, layout_shoals,
          gammafunk_ghost_tricky_traps
Shoals:3: cheibrodos_shoals_epimethial_gifts, layout_shoals,
          nicolae_shoals_c_island
Shoals:4: shoals_end_simple, layout_shoals
Snake:1:  layout_chambers, nicolae_snake_omega, minmay_shop_grove
Snake:2:  layout_basic, grunt_megastairs_3, uniq_jorgrun, uniq_frances
Snake:3:  layout_honeycomb, serial_shops, nicolae_shop_statue_plus,
          gammafunk_ghost_necromancy, uniq_vashnia
Snake:4:  grunt_snake_rune_spirals, layout_onion_interference, st_stairs_6,
          uniq_bai_suzhen
Slime:1:  layout_caves, nicolae_slime_getting_an_eyeful
Slime:2:  layout_caves
Slime:3:  layout_caves
Slime:4:  layout_caves
Slime:5
Orc:1:    nicolae_orc_accident_3, layout_caves, serial_shops,
          nicolae_shop_stone, uniq_harold
Orc:2:    st_orc_ogre_mass, layout_diamond_mine, abandoned_shop,
          bh_open_orc_temple, uniq_snorg
Elf:1:    layout_geoelf_diagonals, kennysheep_underground_church,
          grunt_megastairs_1, uniq_zenata
Elf:2:    nicolae_elf_blades_crystal_corner, layout_geoelf_grid,
          lemuel_upstairs_altar
Elf:3:    nooodl_elf_gasket, layout_geoelf_grid, uniq_aizul
Vaults:1: v_misc_23, ontoclasm_vaults_twist, vaults_mumra_hex,
          grunt_vaults_bifocal, nicolae_vaults_three_branches,
          dpeg_vaults_monster_box, ontoclasm_vaults_shuriken,
          vaults_room_door_ring, v_misc_24, ontoclasm_vaults_decontamination,
          layout_vaults_omnicross, serial_shops, shop
Vaults:2: nicolae_vaults_an_arrangement, v_alt_pattern_3, vaults_room_fours,
          layout_vaults_omnigrid, serial_shops, bzr_entry_gold, uniq_mennas,
          uniq_saint_roka
Vaults:3: vaults_room_large_hall, v_misc_26, minmay_crypt_entry_nasty_monster,
          vaults_room_pool, nicolae_vaults_circle_grid_a, v_misc_4, v_misc_16,
          hangedman_vaults_maws, nicolae_vaults_angled_halls,
          nicolae_vaults_big_ls, ontoclasm_vaults_pinch, ontoclasm_vaults_chip,
          vaults_room_semicircle, vaults_room_pool, layout_vaults_ring
Vaults:4: nicolae_vaults_network_star, hangedman_vaults_river_flow, v_misc_13,
          nicolae_vaults_quartermaster, ontoclasm_vaults_idyll,
          nicolae_vaults_little_squares_4, hangedman_vaults_maws,
          hangedman_vaults_variations, nicolae_vaults_ninety_degrees,
          nicolae_vaults_diagonal_hallway_7, vaults_room_large_hall,
          nicolae_vaults_shelves_hall, v_misc_14,
          nicolae_vaults_ring_of_whatevers, layout_vaults_maze
Vaults:5
Crypt:1:  layout_regular_city, grunt_megastairs_2, grunt_crypt_arrival_split,
          uniq_frederick, uniq_donald, uniq_xtahua
Crypt:2:  layout_catacombs, uniq_margery
Crypt:3:  church_of_pain_bobbens, layout_chaotic_city, tomb_entry_shell_bobbens
Depths:1: minmay_firetagon, layout_gridlike, serial_sigils_hangedman_scratch,
          grunt_mini_vestibule, lemuel_flame_loot_1
Depths:2: dreamdust_tengu_aerie, layout_basic, pan_entry, hell_entry,
          ebering_dispersal_statue_hall, kennysheep_dice
Depths:3: grunt_deathspiral_large, layout_twisted_cross, hell_entry,
          minmay_staircase_statues, grunt_pan_entry_spiral, abyss_entry,
          grunt_decor_arrowhead, hellmonk_scarab_ruin, uniq_mara,
          uniq_enchantress, uniq_vv
Depths:4: evilmike_zot_entry_argh, layout_small_grid, enter_ziggurat_c,
          hangedman_geh_valley, abyss_entry, grunt_pan_entry_in_and_out,
          minmay_shoptagon
Hell
Geh:1:    layout_gehenna_pools_basic
Geh:2:    layout_gehenna_pools_basic, nicolae_hells_leichenhalle
Geh:3:    layout_gehenna_pools_box, nicolae_hells_hurtin_island
Geh:4:    layout_gehenna_lava_caves
Geh:5:    layout_gehenna_lava_caves
Geh:6:    layout_gehenna_pools_triple
Geh:7:    geh_old
Coc:1:    layout_ice_bergs
Coc:2:    layout_ice_bergs
Coc:3:    layout_ice_bergs
Coc:4:    nicolae_coc_through_the_icewall, layout_cocytus_delve
Coc:5:    layout_cocytus_delve
Coc:6:    layout_cocytus_delve
Coc:7:    coc_hangedman

Skill      XL: |  1  2  3  4  5  6  7  8  9 10 11 12 13 14 15 16 17 18 19 20 21 22 23 24 25 26 27 |
---------------+----------------------------------------------------------------------------------+-----
Short Blades   | 3 4 5 6 8 10 11 12 14 | 14.0
Fighting       | 3 4 5 7 10 12 22 | 22.0
Dodging        | 3 4 5 7 9 10 12 15 16 18 19 20 | 20.0
Spellcasting   | 1 3 6 12 13 22 | 22.5
Stealth        | 5 6 8 10 14 17 18 20 26 | 26.0
Invocations    | 3 6 10 12 13 | 13.0
Shields        | 3 5 8 13 16 17 19 20 22 24 25 | 25.0
Evocations     | 4 7 10 | 10.6
Translocations | 8 |  8.3
Earth Magic    | 10 | 10.0
Transmutations | 10 | 10.0

Action                   |  1- 3 |  4- 6 |  7- 9 | 10-12 | 13-15 | 16-18 | 19-21 | 22-24 | 25-27 || total
-------------------------+-------+-------+-------+-------+-------+-------+-------+-------+-------++-------
Melee: Short sword       |    91 |   200 |   181 |       |       |       |       |       |       ||   472
       Bite              |    29 |    63 |   115 |   321 |   771 |   762 |   500 |  1378 |  4155 ||  8094
       Punch             |       |     6 |     3 |     7 |       |       |       |       |       ||    16
       Dagger            |       |       |   129 |   703 |  1503 |  1468 |   433 |       |       ||  4236
       Rapier            |       |       |       |       |       |       |   566 |  2129 |  6427 ||  9122
       Headbutt          |       |       |       |       |       |       |       |       |   769 ||   769
 Cast: Manifold Assault  |       |       |       |       |       |       |       |       |   100 ||   100
Invok: Heroism           |       |       |       |       |       |     1 |     1 |       |    13 ||    15
       Finesse           |       |       |       |       |       |       |       |       |    11 ||    11
 Abil: Evoke Invisibilit |       |       |       |       |       |       |       |       |     4 ||     4
Evoke: Wand              |       |       |     1 |     4 |     6 |     4 |       |       |    14 ||    29
       Condenser vane    |       |       |       |       |       |     1 |     2 |     2 |     8 ||    13
       Lightning rod     |       |       |       |       |       |       |       |       |     5 ||     5
  Use: Scroll            |     6 |     1 |     9 |     7 |    12 |     7 |    10 |     3 |    17 ||    72
       Potion            |     1 |     2 |       |     2 |     1 |     3 |     6 |       |    23 ||    38
 Stab: Sleeping          |     5 |     6 |     3 |    15 |    38 |    41 |    27 |    45 |   174 ||   354
       Distracted        |       |       |     1 |     3 |     2 |     6 |     7 |    11 |    60 ||    90
       Invisible         |       |       |       |       |       |       |       |       |    12 ||    12
Armor: Robe              |     5 |    34 |       |       |       |    37 |    54 |    43 |   195 ||   368
       Skin              |     9 |    12 |       |       |       |       |       |       |       ||    21
       Troll leather arm |       |       |    57 |    44 |    98 |    39 |       |       |       ||   238
Dodge: Dodged            |    42 |   150 |   142 |   261 |   742 |   578 |   328 |   569 |  1802 ||  4614
Block: Buckler           |       |       |       |    56 |   300 |    81 |       |       |       ||   437
       Kite shield       |       |       |       |       |       |    87 |       |       |       ||    87
       Tower shield      |       |       |       |       |       |   576 |   871 |  1573 |  5052 ||  8072

Table legend: (Time is in decaauts)
 A = Elapsed time spent in this place.
 B = Non-inter-level travel time spent in this place.
 C = Inter-level travel time spent in this place.
 D = Time resting spent in this place.
 E = Time spent auto-exploring this place.
 F = Levels seen in this place.
 G = Mean time per level.
                   A        B        C        D        E       F      G
               +--------+--------+--------+--------+--------+-----+--------+
         Total |  60208 |  54137 |   6071 |   2276 |  30742 |  96 |  627.2 |
       Dungeon |  15571 |  13260 |   2311 |    477 |   9173 |  15 | 1038.1 |
          Lair |   5539 |   4849 |    690 |     64 |   3581 |   5 | 1107.8 |
        Shoals |   3531 |   3384 |    147 |     83 |   1944 |   4 |  882.8 |
     Snake Pit |   4825 |   4579 |    246 |    370 |   2836 |   4 | 1206.2 |
    Slime Pits |    434 |    392 |     42 |      0 |      0 |   5 |   86.8 |
  Orcish Mines |   1671 |   1349 |    322 |      0 |    936 |   2 |  835.5 |
   Elven Halls |   2887 |   2612 |    275 |      5 |   1515 |   3 |  962.3 |
        Vaults |   5623 |   5090 |    533 |     13 |   3392 |   5 | 1124.6 |
         Crypt |   2521 |   2284 |    237 |      0 |   1631 |   3 |  840.3 |
        Depths |   5307 |   4256 |   1051 |     61 |   2702 |   4 | 1326.8 |
          Hell |    864 |    752 |    112 |     79 |    138 |   1 |  864.0 |
       Gehenna |   1389 |   1294 |     95 |    122 |     63 |   7 |  198.4 |
       Cocytus |    717 |    712 |      5 |     14 |      7 |   7 |  102.4 |
         Abyss |    266 |    266 |      0 |      0 |     30 |   5 |   53.2 |
   Pandemonium |   8478 |   8478 |      0 |    986 |   2593 |  23 |  368.6 |
        Bazaar |    279 |    279 |      0 |      0 |    101 |   1 |  279.0 |
         Trove |     31 |     31 |      0 |      0 |      0 |   1 |   31.0 |
         Sewer |    267 |    267 |      0 |      0 |     98 |   1 |  267.0 |
               +--------+--------+--------+--------+--------+-----+--------+

Top non-repeatable levels by time:
     D:8: 1669 daAuts
Depths:3: 1664 daAuts
 Snake:1: 1484 daAuts
    D:15: 1459 daAuts
    D:13: 1454 daAuts
Depths:1: 1431 daAuts
 Snake:4: 1385 daAuts
Depths:2: 1374 daAuts
    D:11: 1294 daAuts
     D:5: 1241 daAuts
  Lair:1: 1239 daAuts
Vaults:2: 1233 daAuts
   Elf:3: 1213 daAuts
  Lair:2: 1184 daAuts
Vaults:5: 1180 daAuts
